 Dungeon Crawl Stone Soup version 0.23-a0-767-gdc19b93d68 (webtiles) character file.

143 Adamkad1 the Ogre Mage (level 5, -4/50 HPs)
             Began as an Ogre Transmuter on Jan 23, 2019.
             Slain by an iguana (8 damage)
             ... on level 4 of the Dungeon.
             The game lasted 00:03:40 (3512 turns).

Adamkad1 the Ogre Mage (Ogre Transmuter)            Turns: 3512, Time: 00:03:41

Health: -4/50      AC:  2    Str: 14    XL:     5   Next: 25%
Magic:  7/10       EV: 20    Int: 14    God:
Gold:   163        SH:  0    Dex: 15    Spells: 5/11 levels left

rFire    . . .     SeeInvis .     - Unarmed
rCold    . . .     Gourm    .   (shield currently unavailable)
rNeg     . . .     Faith    .   (armour currently unavailable)
rPois    x         Spirit   .   (helmet currently unavailable)
rElec    .         Reflect  .   (cloak currently unavailable)
rCorr    .         Harm     .   (gloves unavailable)
MR       .....                  (boots unavailable)
Stlth    +.........             (no amulet)
HPRegen  0.16/turn              (no ring)
MPRegen  0.12/turn              (no ring)

@: spider-form (expiring)
A: tiny, unfitting armour
a: End Transformation


You were on level 4 of the Dungeon.
You were very hungry.
You were a venomous arachnid creature.
You visited 1 branch of the dungeon, and saw 4 of its levels.

You collected 163 gold pieces.

Inventory:

Missiles
 a - 30 arrows
Armour
 b - a +0 robe (melded)
Jewellery
 n - an uncursed ring of flight {unknown}
 o - a cursed -3 ring of evasion {unknown}
Wands
 c - a wand of clouds (7)
Scrolls
 f - a scroll of magic mapping {unknown}
 g - 3 scrolls of identify {unknown}
 h - 2 scrolls of immolation {unknown}
 j - 2 scrolls of remove curse {unknown}
Potions
 e - a potion of berserk rage {unknown}
 i - a potion of heal wounds {unknown}
 k - 2 potions of brilliance {unknown}
 l - a potion of cancellation {unknown}
Comestibles
 d - 5 rations


   Skills:
 + Level 2.6 Fighting
 + Level 2.2 Dodging
 + Level 3.2 Unarmed Combat
 * Level 3.6 Spellcasting
 * Level 3.0 Transmutations
 + Level 0.3 Evocations


You had 5 spell levels left.
You knew the following spells:

 Your Spells              Type           Power        Failure   Level  Hunger
a - Beastly Appendage     Tmut           ##....       17%         1    None
b - Sticks to Snakes      Tmut           ##......     22%         2    ##.....
c - Spider Form           Tmut/Pois      #.........   54%         3    ###....

Your spell library contained the following spells:

 Spells                   Type           Power        Failure   Level  Hunger
 Ice Form                 Ice/Tmut       #.......     88%         4    ####...
 Blade Hands              Tmut           ##........   95%         5    ######.


Dungeon Overview and Level Annotations

Branches:
Dungeon (4/15)
 Temple: D:4-7

Altars:
Nemelex Xobeh
Xom
The Shining One


Innate Abilities, Weirdness & Mutations

You are too large for most types of armour.
((You have tough skin. (AC +1)))


Message History

* * * LOW HITPOINT WARNING * * *
Unknown command.
Casting: Spider Form (safe; 32% risk of failure)
Confirm with . or Enter, or press ? or * to list all spells.
You turn into a venomous arachnid creature.
Your +0 robe melds into your body.
Unknown command.
You barely miss the iguana. The iguana closely misses you.
You hit the iguana.
The iguana is poisoned.
The iguana is moderately wounded.
The iguana bites you but does no damage.
You hit the iguana but do no damage.
The iguana is heavily wounded.
Your transformation is almost over.
The iguana closely misses you.
A scorpion comes into view.
You hit the iguana.
The iguana looks even sicker.
The iguana is severely wounded.
The iguana bites you!
You die...

.#.#.#.#.# ##....#
.#.#.#.#.#S#....... .#
#.#.#.#.#.#.# . .#
#.#.#.#.#.## #. .#
#.#.#.#†#.##. #. .#
#.#.#.#.#.##.. #. .# #.
.#.#.#S#.#.# #. .#. a#
#.#l#.##.# #.#.#.#
#.#s#.#.#.#### #.<.#
#.#.#.#.##....#
#........##..#.###....#
#....##.#......#........#
...... S# #..# ######...#
##.## .# #... #...# # .#
...########...# .#s###
.......(..# .#
##..###.###


You could see a scorpion (sleeping), an iguana and a ball python.

Vanquished Creatures
  A worker ant (D:3)
  4 adders
  3 worms
  3 dart slugs
  4 leopard geckos
  6 bats
  4 giant cockroaches
  11 goblins
  5 hobgoblins
  3 jackals (D:2)
  7 kobolds
  A quokka (D:2)
  A ball python (D:2)
  4 frilled lizards
  5 rats
62 creatures vanquished.

Notes
Turn   | Place    | Note
-------+----------+-------------------------------------------
     0 | D:1      | Adamkad1 the Ogre Transmuter began the quest for the Orb.
     0 | D:1      | Reached XP level 1. HP: 19/19 MP: 3/3
     2 | D:1      | Noticed a merfolk
     2 | D:1      | Noticed a demigod
     4 | D:1      | Noticed a minotaur
     4 | D:1      | Noticed a formicid
     6 | D:1      | Noticed a troll
     6 | D:1      | Noticed a centaur
     8 | D:1      | Noticed an elf
     8 | D:1      | Noticed a demonspawn
    10 | D:1      | Noticed a draconian
    12 | D:1      | Noticed a gargoyle
    12 | D:1      | Noticed a dwarf
    14 | D:1      | Noticed a vine stalker
    14 | D:1      | Noticed a tengu
    16 | D:1      | Noticed a spriggan
    16 | D:1      | Noticed an ogre
    18 | D:1      | Noticed a ghoul
    18 | D:1      | Noticed a halfling
    20 | D:1      | Noticed a human
    22 | D:1      | Noticed an octopode
    24 | D:1      | Noticed a naga
    26 | D:1      | Noticed a vampire
    26 | D:1      | Noticed a felid
   172 | D:1      | Reached XP level 2. HP: 21/27 MP: 3/5
   440 | D:1      | Reached XP level 3. HP: 35/35 MP: 5/7
  1062 | D:2      | Learned a level 2 spell: Sticks to Snakes
  1066 | D:2      | Learned a level 3 spell: Spider Form
  1092 | D:2      | Reached XP level 4. HP: 22/42 MP: 6/8
  1125 | D:2      | HP: 1/42 [jackal (2)]
  2560 | D:3      | Found a shimmering altar of Xom.
  2726 | D:3      | Found a sparkling altar of Nemelex Xobeh.
  2729 | D:3      | Found a glowing golden altar of the Shining One.
  3264 | D:3      | Reached XP level 5. HP: 21/50 MP: 6/10
  3502 | D:4      | HP: 2/50 [iguana (14)]
  3512 | D:4      | Slain by an iguana

Vault maps used:
D:1:      kb_arrival_jail, grunt_decor_cap
D:2:      minmay_pentomino_x4
D:3:      nicolae_overflow_hidden_temple, lemuel_altar_in_water
D:4:      uniq_natasha

Skill      XL: |  1  2  3  4  5 |
---------------+----------------+-----
Transmutations | 2 3 |  3.0
Spellcasting   | 3 |  3.6
Dodging        | 2 |  2.2
Fighting       | 2 |  2.6
Unarmed Combat | 3 |  3.2
Evocations     | |  0.3

Action                   |  1- 3 |  4- 6 || total
-------------------------+-------+-------++-------
Melee: Unarmed           |   119 |   158 ||   277
       Headbutt          |     5 |     2 ||     7
       Kick              |     8 |    12 ||    20
       Punch             |     1 |     2 ||     3
 Cast: Beastly Appendage |    17 |    19 ||    36
       Spider Form       |       |     4 ||     4
  Use: Potion            |       |     2 ||     2
 Stab: Sleeping          |     1 |       ||     1
  Eat: Chunk             |     1 |     7 ||     8
Armor: Robe              |    29 |    41 ||    70
       Skin              |       |     2 ||     2
Dodge: Dodged            |    53 |   108 ||   161

Table legend:
 A = Non-vault XP
 B = Vault XP
 C = Vault XP percentage of total XP
 D = Non-vault monster count
 E = Vault monster count
 F = Vault count percentage of total count
                 A         B        C        D         E       F
            +---------+---------+-------+---------+---------+-------
      Total |     199 |       6 |   2.9 |      59 |       3 |   4.8
            +---------+---------+-------+---------+---------+-------
        D:1 |      36 |       0 |   0.0 |      19 |       0 |   0.0
        D:2 |      95 |       6 |   5.9 |      28 |       3 |   9.7
        D:3 |      52 |       0 |   0.0 |      10 |       0 |   0.0
        D:4 |      16 |       0 |   0.0 |       2 |       0 |   0.0
            +---------+---------+-------+---------+---------+-------
